AoeStats
← CovidBryan

Arabia

508705596Analyzed
2v2 RM · 10d ago on Sep 23, 2026· 41m 48s· 4 players
Game mode
Random Map
Map size
Medium (4 player)
Population
200
Speed
Normal
Resources
Standard
Victory
Conquest
Starting age
Dark Age
Ending age
Imperial Age
RankedLock teamsTeams togetherTeam positionsShared explorationLock speedFull tech treeHidden civsTurbo modeCheats
Victory
Defeat
🇪🇸 Bulgarians · Spain
1115
+14
🇺🇸 Spanish · United States
997
+18
🇨🇱 Spanish · Chile
1058
-16
🇨🇱 Magyars · Chile
1056
-16
xElmaximox
5:29 Loom
9:39 Feudal Age
10:21 Double-Bit Axe
16:52 Castle Age
20:12 Horse Collar
27:52 Husbandry
29:47 Bloodlines
33:41 Herbal Medicine
34:44 Sanctity
38:08 Redemption
41:23 Fervor
CovidBryan
1:16 Loom
4:50 Loom
7:05 Loom
9:45 Feudal Age
10:29 Double-Bit Axe
19:10 Castle Age
17:42 Bloodlines
17:42 Scale Barding Armor
17:47 Forging
17:39 Fletching
18:03 Forging
17:59 Scale Barding Armor
20:27 Chain Barding Armor
21:29 Iron Casting
22:06 Wheelbarrow
22:17 Husbandry
23:01 Town Watch
31:20 Stone Mining
31:21 Gold Mining
34:22 Bodkin Arrow
39:38 Imperial Age
39:56 Cavalier
41:14 Plate Barding Armor
robertofreraut
5:30 Loom
8:44 Feudal Age
9:17 Double-Bit Axe
10:19 Horse Collar
20:39 Castle Age
18:58 Gold Mining
19:15 Scale Barding Armor
20:46 Bloodlines
21:32 Bow Saw
21:23 Heavy Plow
21:44 Chain Barding Armor
21:25 Husbandry
26:45 Stone Mining
36:54 Fletching
rvillarvega
7:40 Loom
10:51 Feudal Age
15:03 Castle Age
18:27 Double-Bit Axe
20:23 Horse Collar
25:59 Bow Saw
26:33 Pikeman
27:14 Squires
30:16 Fletching
30:53 Padded Archer Armor
31:43 Gold Mining
31:44 Stone Mining
32:34 Bodkin Arrow
39:45 Imperial Age
Connection lost

Rejoining the realm…

Still unreachable

The connection could not be restored.

Session expired

The server has moved on; the page needs a fresh start.